 Dungeon Crawl Stone Soup version 0.29-a0-837-g174bc33265 (webtiles) character file.

Game seed: 13129208072086588698

72555 Bnni the Fencer (level 15, -13/139 HPs)
             Began as a Demonspawn Gladiator on July 13, 2022.
             Was a Priest of Okawaru.
             Mangled by Rupert
             ... wielding a +6 great mace of holy wrath
              (45 damage)
             ... on level 3 of the Lair of Beasts.
             The game lasted 00:56:38 (21272 turns).

Bnni the Fencer (Demonspawn Gladiator)             Turns: 21272, Time: 00:56:39

Health: -13/139    AC: 17    Str: 11    XL:     15   Next: 1%
Magic:  24/24      EV: 16    Int:  9    God:    Okawaru [***...]
Gold:   1000       SH:  5    Dex: 30    Spells: 14/14 levels left

rFire   + + +      SeeInvis +   d - +0 triple crossbow (freeze)
rCold   + + .      Faith    .   (shield currently unavailable)
rNeg    . . .      Spirit   .   w - +0 fire dragon scales
rPois   +          Reflect  +   U - +2 hat
rElec   +          Harm     .   D - +1 cloak
rCorr   +          Rampage  .   S - +0 pair of gloves of Slimy Leaves {rC+++ rCorr Int-3 SInv}
Will    +....                   (boots unavailable)
Stlth   ++........              e - amulet of reflection
HPRegen 0.33/turn               N - ring of protection from fire
MPRegen 0.19/turn               L - ring "Amaden" {rElec rPois Str-5 Int+3 Dex+9}

@: heroic, invisible
A: hooves 3, rugged brown scales 2, foul stench 1, powered by death 2,
corrupting presence 2
a: Renounce Religion, Heroism


You were on level 3 of the Lair of Beasts.
You worshipped Okawaru.
Okawaru was most pleased with you.
You visited 3 branches of the dungeon, and saw 19 of its levels.
You also visited: Trove, Gauntlet and Volcano.

You collected 1336 gold pieces.
You spent 336 gold pieces at shops.

Inventory:

Hand Weapons
 a - a +4 triple sword of flaming
 d - a +0 triple crossbow of freezing (weapon)
Missiles
 I - a throwing net
Armour
 w - +0 fire dragon scales (worn)
 D - a +1 cloak (worn)
 S - the +0 pair of gloves of Slimy Leaves (worn) {rC+++ rCorr Int-3 SInv}
   (Okawaru gifted it to you on level 12 of the Dungeon)

   Int:       It affects your intelligence (-3).
   rC:        It renders you almost immune to cold.
   SInv:      It lets you see invisible.
   rCorr:     It protects you from acid and corrosion.
 U - a +2 hat (worn)
Jewellery
 e - an amulet of reflection (around neck)
 z - the ring of Xaulavu {Wiz SInv Stlth+}
   (You found it in a Gauntlet)

   [ring of wizardry]

   It improves your spell success rate.
   SInv:      It lets you see invisible.
   Stlth:     It makes you more stealthy.
 L - the ring "Amaden" (right hand) {rElec rPois Str-5 Int+3 Dex+9}
   (You found it in a Gauntlet)

   [ring of poison resistance]

   Str:       It affects your strength (-5).
   Int:       It affects your intelligence (+3).
   Dex:       It affects your dexterity (+9).
   rElec:     It insulates you from electricity.
   rPois:     It protects you from poison.
 N - a ring of protection from fire (left hand)
 Q - a ring of positive energy
Wands
 p - a wand of digging (6)
 v - a wand of iceblast (14)
 K - a wand of light (10)
 O - a wand of paralysis (6)
 P - a wand of flame (51)
Scrolls
 b - 5 scrolls of amnesia
 h - 3 scrolls of silence
 l - 6 scrolls of enchant armour
 n - 4 scrolls of brand weapon
 o - a scroll of blinking
 q - 3 scrolls of fog
 r - a scroll of magic mapping
 t - 9 scrolls of teleportation
 x - 3 scrolls of fear
Potions
 c - 2 potions of heal wounds
 f - 3 potions of resistance
 g - 2 potions of brilliance
 i - 2 potions of invisibility
 j - 2 potions of haste
 k - 4 potions of attraction
 m - 12 potions of ambrosia
 s - 3 potions of mutation
 E - 2 potions of cancellation
 H - 5 potions of might
 J - 5 potions of curing


   Skills:
 + Level 16.8(21.8) Fighting
 - Level 17.0(22.0) Long Blades
 * Level 7.8(12.8) Ranged Weapons
 - Level 1.7(6.7) Throwing
 + Level 6.1(11.1) Dodging
 - Level 12.0 Invocations


You had 14 spell levels left.
You didn't know any spells.
Your spell library contained the following spells:

 Spells                   Type           Power      Damage    Failure   Level
 Freeze                   Ice            0%         1d3       96%         1
 Confusing Touch          Hex            0%         N/A       100%        3
 Frozen Ramparts          Ice            0%         1d2       100%        3
 Ignite Poison            Fire/Tmut/Pois 0%         N/A       100%        3
 Mephitic Cloud           Conj/Pois/Air  0%         N/A       100%        3
 Ozocubu's Armour         Ice            0%         N/A       100%        3
 Corpse Rot               Necr/Pois/Air  0%         N/A       100%        4
 Dispel Undead            Necr           0%         3d6       100%        4
 Hailstorm                Conj/Ice       0%         3d3       100%        4
 Blade Hands              Tmut           0%         N/A       100%        5
 Freezing Cloud           Conj/Ice/Air   0%         6-21      100%        5
 Yara's Violent Unravell  Hex/Tmut       0%         3d3       100%        5
 Iron Shot                Conj/Erth      0%         9d1       100%        6
 Enfeeble                 Hex            0%         N/A       100%        7
 Ozocubu's Refrigeration  Ice            0%         4d5       100%        7
 Animate Armour           Summ/Erth      Unusable   N/A       N/A         4
 Death Channel            Necr           Unusable   N/A       N/A         6

Dungeon Overview and Level Annotations

Branches:
Dungeon (15/15)            Temple (1/1) D:6            Lair (3/6) D:10
 Shoals (0/4) Lair:3          Orc (0/2) D:11         Vaults (0/5) D:14
 Depths (0/4) D:15        Volcano (visited)         Gauntlet (visited)
  Snake: Lair:2-4    Spider: Lair:2-4

Altars:
Ashenzari
Cheibriados
Dithmenos
Fedhas
Gozag
Hepliaklqana
Kikubaaqudgha
Makhleb
Nemelex Xobeh
Okawaru
Qazlal
Ru
Sif Muna
Trog
Uskayaw
Vehumet
Wu Jian
Xom
Yredelemnul

Shops:
D:2 [   D:6 *   D:11 !   D:13 (

Annotations:
D:8 1 transporter
Lair:3 Rupert


Innate Abilities, Weirdness & Mutations

You have hooves in place of feet.
You are mostly covered in rugged brown scales. (AC +2, +5% HP)
You may rarely emit foul miasma when damaged in melee.
You regenerate health from kills.
Your presence sometimes corrodes or deforms those you injure.


Message History

You convulse.
Okay, then.
Press: ? - help, v - describe, . - travel
Here: Rupert, wielding a +6 great mace of holy wrath and wearing a +0 ring mail (moderately wounded, berserk)
The floor, spattered with blood.
You fade into invisibility!
Rupert hits you but does no damage.
You strike the helpless Rupert from behind!
You open Rupert like a pillowcase!!! You burn Rupert.
You kick Rupert, but do no damage.
Rupert is severely wounded.
Rupert closely misses you.
You catch the helpless Rupert completely off-guard!
You slash Rupert! You burn Rupert.
Your corrupting presence corrodes Rupert!
You kick Rupert.
Rupert is severely wounded.
Rupert hits you with a +6 great mace of holy wrath!!
You convulse!!
Rupert hits you with a +6 great mace of holy wrath!!
You convulse!!
* * * LOW HITPOINT WARNING * * *
Blink to where?
Press: ? - help, Dir - move target, p - Rupert
As you read the scroll of blinking, it crumbles to dust.
Your +4 triple sword of flaming stops flaming.
Your +0 triple crossbow of freezing is covered in frost.
d - a +0 triple crossbow of freezing (weapon)
Fire: d) +0 triple crossbow (freeze)
Press: ? - help, Q - select action, (/) - cycle Shift-Dir - straight line, f - Rupert
Aim: Rupert, wielding a +6 great mace of holy wrath and wearing a +0 ring mail (severely wounded, berserk, unable to see you, covered in acid, 78% to hit)
You shoot a bolt. The bolt hits Rupert!!
The bolt freezes Rupert.
Rupert is almost dead.
Fire: d) +0 triple crossbow (freeze)
Press: ? - help, Q - select action, (/) - cycle Shift-Dir - straight line, f/p - Rupert
Aim: Rupert, wielding a +6 great mace of holy wrath and wearing a +0 ring mail (almost dead, berserk, unable to see you, covered in acid, 78% to hit)
You shoot a bolt. The bolt closely misses Rupert.
The bolt hits the death yak but does no damage.
Rupert hits you with a +6 great mace of holy wrath!!!
You die...

### #### #### ##
##.####P.###..####P#.#.
#.........................
#.........................
#...###................... .
##..P##.#................Y ..
#....###................. ...
#P..## ##.....@##..#..# ....
#...# ##...>#.@..YY..# .....
##..## #.....###..Y.Y.#YY....
##...# ##....#..≈#.....Y.....
#...## ##...##.≈.#....#Y.....
##..P##.P...#..≈##...........
#..........##.≈≈#............
#..........#.#≈##+..P.!......
. ##.........#.>≈
............ .


You could see Rupert (berserk, unable to see you, corroded) and 4 death yaks.

Vanquished Creatures
  A lich (D:15)
  A sphinx (D:15)
  A tengu reaver (D:15)
  A quicksilver ooze (Gauntlet)
  A caustic shrike skeleton (D:15)
  A minotaur (Gauntlet)
  Snorg (Lair:3)
  A fire dragon (D:15)
  The ghost of Naove the Protected, a journeyman MiBe of Trog (Lair:2)
  4 boulder beetles
  An ogre mage (D:14)
  The ghost of Ishelikk the Transmogrifier, a journeyman FeTm of Jiyva (D:15)
  8 centaur warriors
  7 hydras
  9 two-headed ogres
  4 tengu warriors (D:13)
  A vampire mage (D:15)
  A golden dragon zombie (D:15)
  4 skeletal warriors
  Pikel (D:9)
  2 necromancers (D:15)
  2 orc knights
  An iron dragon zombie (D:15)
  A fire giant zombie (D:15)
  2 cyclopes
  4 manticores
  9 ugly things
  4 merfolk sirens (Lair:3)
  4 elephants (Lair:2)
  4 salamanders (Volcano)
  2 black mambas
  Maggie (D:6)
  Maurice (D:9)
  A torpor snail (Lair:2)
  3 centaur skeletons (D:14)
  5 cane toads
  A gargoyle (D:11)
  2 minotaur zombies (Gauntlet)
  A yaktaur (D:15)
  3 efreet
  5 komodo dragons
  2 tengu conjurers (D:13)
  4 trolls
  6 meliai
  A queen bee (D:13)
  A polar bear (Lair:1)
  6 slime creatures
  3 blink frogs (Lair:2)
  A shadow (D:12)
  3 vampires
  26 yaks
  A fire bat (Volcano)
  4 wraiths
  A wyvern (Lair:2)
  A basilisk (shapeshifter) (D:14)
  A steam dragon (D:7)
  4 basilisks
  3 fire elementals (Gauntlet)
  Menkaure (D:5)
  4 vampire mosquitoes (D:13)
  A warg (D:11)
  The ghost of Malachi the Shooter, an amateur GrHu of Qazlal (D:4)
  7 water moccasins
  5 hell hounds
  2 acid dragons
  3 ice beasts
  2 sky beasts
  12 orc warriors
  2 ogres
  A black bear (D:5)
  16 wolves
  17 centaurs
  Blork the orc (D:5)
  A kobold brigand (D:7)
  9 bullfrogs
  2 gnoll sergeants (D:9)
  3 scorpions (D:5)
  A necrophage (D:3)
  A wight (D:9)
  29 killer bees
  8 howler monkeys
  3 electric eels (Lair:2)
  2 jellies
  4 hounds
  A gnoll bouda (D:3)
  7 orc priests
  6 iguanas
  9 orc wizards
  A boggart skeleton (D:14)
  Robin (D:4)
  11 gnolls
  An adder (D:4)
  2 shadow imps (D:7)
  2 white imps
  3 ufetubi
  3 worms
  35 orcs
  3 endoplasms
  2 giant cockroaches (D:3)
  13 goblins
  9 hobgoblins
  4 jackals (D:5)
  3 quokkas
  5 training dummies
  6 ball pythons
  2 bats (D:2)
  2 frilled lizards (D:1)
  6 kobolds
  5 rats
456 creatures vanquished.

Vanquished Creatures (others)
  An orc wizard (D:9)
  5 fungi
  7 plants
  2 withered plants (D:15)
15 creatures vanquished.

Grand Total: 471 creatures vanquished

Notes
Turn   | Place    | Note
-------+----------+-------------------------------------------
     0 | D:1      | Bnni the Demonspawn Gladiator began the quest for the Orb.
     0 | D:1      | Reached XP level 1. HP: 16/16 MP: 1/1
   109 | D:1      | Found a faded altar of an unknown god.
   109 | D:1      | Noticed a floating eye
   113 | D:1      | Noticed an eye of devastation
   124 | D:1      | Noticed an eye of devastation
   124 | D:1      | Noticed a golden eye
   310 | D:1      | Reached skill level 3 in Long Blades
   553 | D:1      | Gained mutation: You regenerate a little health from kills.
                  | [demonic ancestry]
   553 | D:1      | Reached XP level 2. HP: 19/22 MP: 2/2
   941 | D:2      | Found Cikafuiv's Antique Armour Boutique.
  1379 | D:2      | Gained mutation: You regenerate health from kills. [demonic
                  | ancestry]
  1379 | D:2      | Reached XP level 3. HP: 20/28 MP: 3/3
  1852 | D:3      | Reached skill level 4 in Long Blades
  1852 | D:3      | Gained mutation: You are partially covered in rugged brown
                  | scales. (AC +1, +3% HP) [demonic ancestry]
  1852 | D:3      | Reached XP level 4. HP: 7/35 MP: 4/4
  2166 | D:3      | Found an iron altar of Okawaru.
  2172 | D:3      | Became a worshipper of Warmaster Okawaru
  2342 | D:3      | Found a basalt altar of Yredelemnul.
  2504 | D:4      | Noticed a necrophage
  2852 | D:3      | Killed a necrophage
  2853 | D:3      | Gained mutation: You have large cloven feet. [demonic
                  | ancestry]
  2853 | D:3      | Reached XP level 5. HP: 37/42 MP: 5/5
  2872 | D:4      | Reached skill level 5 in Long Blades
  2914 | D:4      | Found a runed translucent gate.
  2953 | D:4      | Found a runed translucent gate.
  2953 | D:4      | Found a runed translucent gate.
  2955 | D:4      | Found an opulent altar of Gozag.
  2956 | D:4      | Noticed Malachi's ghost (amateur GrHu)
  2957 | D:4      | Noticed an orc warrior
  2993 | D:4      | Reached XP level 6. HP: 49/49 MP: 6/6
  3030 | D:4      | Reached * piety under Okawaru
  3037 | D:4      | Identified the +1 helmet of Lubaup {rC+ Will+}
  3037 | D:4      | Noticed Robin
  3059 | D:4      | Killed Robin
  3397 | D:5      | Entered Level 5 of the Dungeon
  3398 | D:5      | Noticed Blork the orc
  3417 | D:5      | Killed Blork the orc
  3418 | D:5      | Reached skill level 6 in Long Blades
  3418 | D:5      | Gained mutation: You may rarely emit foul miasma when
                  | damaged in melee. [demonic ancestry]
  3418 | D:5      | Reached XP level 7. HP: 34/56 MP: 7/7
  3711 | D:5      | Reached skill level 5 in Fighting
  4364 | D:5      | Reached ** piety under Okawaru
  4365 | D:5      | Reached skill level 7 in Long Blades
  4547 | D:5      | Noticed Menkaure
  4559 | D:5      | Killed Menkaure
  4560 | D:5      | Gained mutation: You are mostly covered in rugged brown
                  | scales. (AC +2, +5% HP) [demonic ancestry]
  4560 | D:5      | Reached XP level 8. HP: 58/67 MP: 8/8
  4815 | D:6      | Reached skill level 8 in Long Blades
  4926 | D:6      | Found an ancient bone altar of Kikubaaqudgha.
  4934 | D:6      | Noticed Maggie
  4954 | D:6      | Killed Maggie
  5239 | D:6      | Reached *** piety under Okawaru
  5240 | D:6      | Reached skill level 9 in Long Blades
  5320 | D:6      | Found a staircase to the Ecumenical Temple.
  5341 | Temple   | Entered the Ecumenical Temple
  5597 | D:6      | Found Caci's General Store.
  5605 | D:6      | Reached XP level 9. HP: 69/75 MP: 9/9
  5634 | D:6      | Bought a scroll of identify for 22 gold pieces
  5634 | D:6      | Bought a scroll of identify for 22 gold pieces
  5752 | D:2      | Bought a spiked ring mail for 180 gold pieces
  5752 | D:2      | Identified the +3 ring mail "Qaykerah" {rPois rN+} (You
                  | bought it in a shop on level 2 of the Dungeon)
  5789 | D:3      | Identified a scroll of acquirement
  5857 | D:4      | Killed Malachi's ghost
  6909 | D:7      | Reached skill level 10 in Long Blades
  6924 | D:7      | Acquired a manual of Fighting
  6966 | D:7      | Noticed a troll
  6979 | D:7      | Killed a troll
  7471 | D:7      | Reached **** piety under Okawaru
  7497 | D:7      | Reached skill level 1 in Invocations
  7779 | D:8      | Found a transporter.
  7998 | D:8      | Reached skill level 11 in Long Blades
  8003 | D:8      | Reached ***** piety under Okawaru
  8004 | D:8      | Reached XP level 10. HP: 84/87 MP: 11/11
  8069 | D:8      | Found a transporter.
  8568 | D:9      | Noticed Pikel
  8582 | D:9      | Killed Pikel
  8583 | D:9      | Reached skill level 10 in Fighting
  8804 | D:9      | Identified the +8 dagger "Neeplan" {vorpal, rF++ Str+3
                  | Int-5 Dex+2}
  8905 | D:9      | You fall into a shaft and drop 2 floors!
  8915 | D:11     | Noticed a gargoyle
  8937 | D:11     | Killed a gargoyle
  8937 | D:11     | Received a gift from Okawaru
  8975 | D:11     | Reached skill level 5 in Invocations
  9152 | D:11     | Found a staircase to the Orcish Mines.
  9175 | D:11     | Noticed a manticore
  9188 | D:11     | Killed a manticore
  9189 | D:11     | Reached skill level 12 in Long Blades
  9265 | D:10     | Entered Level 10 of the Dungeon
  9395 | D:10     | Identified the +1 ring mail of Zoitigaj {Stlth+}
  9414 | D:10     | Noticed a two-headed ogre
  9421 | D:10     | Killed a two-headed ogre
  9775 | D:9      | Noticed a two-headed ogre
  9788 | D:9      | Killed a two-headed ogre
 10075 | D:9      | Gained mutation: You have hoof-like feet. [demonic
                  | ancestry]
 10075 | D:9      | Reached XP level 11. HP: 78/97 MP: 15/15
 10108 | D:9      | Noticed Maurice
 10133 | D:9      | Killed Maurice
 10260 | D:9      | Noticed a two-headed ogre
 10278 | D:9      | Killed a two-headed ogre
 10278 | D:9      | Received a gift from Okawaru
 11107 | D:10     | Found a staircase to the Lair.
 11355 | D:10     | Found a bloodstained altar of Trog.
 11370 | D:10     | Found a hazy altar of Hepliaklqana.
 11791 | D:10     | Found a shimmering altar of Xom.
 11791 | D:10     | Found an opulent altar of Gozag.
 11800 | D:10     | Found a faded altar of an unknown god.
 11802 | D:10     | Found a faded altar of an unknown god.
 11844 | D:11     | Noticed a boulder beetle
 11844 | D:11     | Found the +8 frozen axe "Frostbite" {freezing cloud, *Noise
                  | Fly rC+}
 11861 | D:11     | Killed a boulder beetle
 11862 | D:11     | Reached skill level 13 in Long Blades
 11862 | D:11     | Noticed a four-headed hydra
 12067 | D:11     | Killed a four-headed hydra
 12566 | D:11     | Found Duwnif's Distillery.
 12578 | D:11     | Bought a potion of curing for 42 gold pieces
 12578 | D:11     | Bought a potion of heal wounds for 70 gold pieces
 12619 | D:11     | Noticed a two-headed ogre
 12624 | D:11     | Killed a two-headed ogre
 12973 | D:12     | Noticed a four-headed hydra
 12990 | D:12     | Killed a six-headed hydra
 12990 | D:12     | Received a gift from Okawaru
 13006 | D:12     | Found a gate leading to a gauntlet.
 13006 | D:12     | Noticed a brown ugly thing
 13017 | D:12     | Killed a brown ugly thing
 13113 | Gauntlet | Entered a Gauntlet
 13113 | Gauntlet | Found a transporter.
 13118 | Gauntlet | Noticed a quicksilver ooze
 13158 | Gauntlet | Found a runed translucent door.
 13160 | Gauntlet | Found a transporter.
 13162 | Gauntlet | Found a runed translucent door.
 13163 | Gauntlet | Noticed a death yak
 13163 | Gauntlet | Noticed a death yak
 13163 | Gauntlet | Noticed a death yak
 13166 | Gauntlet | Noticed a death yak
 13168 | Gauntlet | Noticed a death yak
 13174 | Gauntlet | Found a transporter.
 13178 | Gauntlet | Found a transporter.
 13190 | Gauntlet | Found a transporter.
 13208 | Gauntlet | Found a transporter.
 13221 | Gauntlet | Found a transporter.
 13226 | Gauntlet | Noticed a hell hog
 13241 | Gauntlet | Found a transporter.
 13245 | Gauntlet | Found a transporter.
 13248 | Gauntlet | Noticed a wolf spider
 13253 | Gauntlet | Found a transporter.
 13274 | Gauntlet | Found a transporter.
 13278 | Gauntlet | Found a transporter.
 13351 | Gauntlet | Killed a quicksilver ooze
 13361 | Gauntlet | Identified the ring "Amaden" {rElec rPois Str-5 Int+3
                  | Dex+9}
 13382 | Gauntlet | Gained mutation: Your presence sometimes corrodes those you
                  | injure. [demonic ancestry]
 13382 | Gauntlet | Reached XP level 12. HP: 57/110 MP: 10/18
 13392 | Gauntlet | Reached skill level 14 in Long Blades
 13403 | Gauntlet | Identified the ring of Xaulavu {Wiz SInv Stlth+}
 13543 | Gauntlet | Noticed a minotaur
 13548 | Gauntlet | Killed a minotaur
 13556 | Gauntlet | Identified the +6 sling "Mud Pie of Death" {vorpal, rN+
                  | rCorr SInv}
 13927 | D:12     | Reached skill level 10 in Invocations
 14216 | D:12     | Acquired the +3 pair of gloves of Infinity {Int+3 Dex+3}
 14273 | D:12     | Noticed a two-headed ogre
 14277 | D:12     | Killed a two-headed ogre
 14277 | D:12     | Identified the +0 pair of gloves of Slimy Leaves {rC+++
                  | rCorr Int-3 SInv} (Okawaru gifted it to you on level 12 of
                  | the Dungeon)
 14277 | D:12     | Received a gift from Okawaru
 14367 | D:12     | Noticed a boulder beetle
 14379 | D:12     | Killed a boulder beetle
 14739 | D:13     | Found Hieb's Firing Range.
 14739 | D:13     | Noticed a tengu warrior
 14740 | D:13     | Noticed a tengu warrior
 14744 | D:13     | Killed a tengu warrior
 14745 | D:13     | Reached skill level 15 in Long Blades
 14748 | D:13     | Killed a tengu warrior
 15039 | D:13     | Noticed a tengu warrior
 15051 | D:13     | Killed a tengu warrior
 15051 | D:13     | Noticed a tengu warrior
 15064 | D:13     | Killed a tengu warrior
 15407 | D:13     | Noticed a five-headed hydra
 15412 | D:13     | Killed a three-headed hydra
 15413 | D:13     | Gained mutation: You have hooves in place of feet. [demonic
                  | ancestry]
 15413 | D:13     | Reached XP level 13. HP: 117/119 MP: 21/21
 15605 | D:14     | Received a gift from Okawaru
 15606 | D:14     | Reached skill level 15 in Fighting
 16474 | D:14     | Reached skill level 16 in Long Blades
 16494 | D:14     | Reached ****** piety under Okawaru
 16839 | D:14     | Found a gate to the Vaults.
 16883 | D:14     | Received a gift from Okawaru
 16883 | D:14     | Found the +8 orange crystal plate armour {Archmagi, Int+3
                  | Clar}
 17033 | D:15     | Entered Level 15 of the Dungeon
 17327 | D:15     | Found a staircase to the Depths.
 17342 | D:15     | Reached skill level 17 in Long Blades
 17354 | D:15     | Reached skill level 1 in Ranged Weapons
 17773 | D:15     | Noticed Ishelikk's ghost (journeyman FeTm)
 17774 | D:15     | Noticed a lich
 17774 | D:15     | Noticed a sphinx
 17775 | D:15     | Noticed a tengu reaver
 17794 | D:15     | Gained mutation: Your presence sometimes corrodes or
                  | deforms those you injure. [demonic ancestry]
 17794 | D:15     | Reached XP level 14. HP: 117/131 MP: 16/23
 18123 | D:15     | Found a runed translucent door.
 18134 | D:15     | Found a runed translucent door.
 18151 | D:15     | Killed a sphinx
 18156 | D:15     | Killed a tengu reaver
 18162 | D:15     | Killed Ishelikk's ghost
 18178 | D:15     | Received a gift from Okawaru
 18212 | D:15     | Killed a lich
 18212 | D:15     | Identified the +8 short sword "Ogre's Regret" {venom, rN+}
                  | (Okawaru gifted it to you on level 15 of the Dungeon)
 18212 | D:15     | Received a gift from Okawaru
 18409 | D:15     | Found a portal to a secret trove of treasure.
 18444 | Trove    | Entered a treasure trove
 18450 | Trove    | Identified the +2 animal skin "Leinoth" {Fly rElec rF+}
 18454 | Trove    | Identified the +1 falchion of the Endless March {antimagic,
                  | +Blink Will++ Dex+4}
 18508 | D:15     | Reached skill level 5 in Ranged Weapons
 18774 | D:15     | Found a hazy altar of Hepliaklqana.
 18924 | Lair:1   | Entered Level 1 of the Lair of Beasts
 18994 | Lair:1   | Found a dark tunnel.
 18999 | Volcano  | Entered a volcano
 19279 | Lair:1   | Reached skill level 5 in Dodging
 20410 | Lair:2   | Found a runed translucent door.
 20410 | Lair:2   | Noticed Naove's ghost (journeyman MiBe)
 20425 | Lair:2   | Killed Naove's ghost
 21158 | Lair:3   | Noticed Snorg
 21164 | Lair:3   | Killed Snorg
 21182 | Lair:3   | Reached XP level 15. HP: 73/139 MP: 24/24
 21257 | Lair:3   | Found a staircase to the Shoals.
 21258 | Lair:3   | Noticed Rupert
 21272 | Lair:3   | Mangled by Rupert

Illustrated notes

Levels and vault maps discovered:
D:1:      onia_arrival_pyramid, layout_loops_ring,
          hellmonk_ecumenical_altar_watching_god, moated_statue
D:2:      layout_loops_ring, serial_shops, shop, chequers_serial_rivers_micro_d
D:3:      layout_rooms, mainiacjoe_overflow_big_doors
D:4:      layout_cave_pools, ebering_ghost_gozag, uniq_robin
D:5:      layout_basic, uniq_blork_the_orc, uniq_menkaure
D:6:      layout_basic, mainiacjoe_overflow_cross_hatched,
          minmay_temple_entry_overgrown, serial_shops, shop,
          supply_closet_lemuel, lemuel_flamethrower_2, uniq_maggie
D:7:      dreamdust_elfheim, layout_rooms, minmay_quadrilaterals
D:8:      layout_rooms, nicolae_diode_stairs
D:9:      layout_layer_cave, kennysheep_generic_room_15, uniq_pikel,
          uniq_maurice
D:10:     layout_layer_cave, grunt_temple_overflow_open,
          chequers_temple_overflow_minitemple, lair_entry_dummy
D:11:     layout_rooms, david_orc_1_choice, serial_shops, nicolae_square_shop
D:12:     layout_loops_cross, gauntlet_entry_generic
D:13:     layout_roguey [special_room_bee], nicolae_shop_firing_range
D:14:     layout_roguey, hangedman_vaults_entry_quadrant_bands,
          patterned_corridor
D:15:     gammafunk_depths_entry_grave, layout_long_grid,
          muffindrake_ghost_dual_entry, nicolae_trove_entry_isolated,
          moated_statue, minmay_crystal_room, nicolae_hepliaklqana_hippocampus
Temple:   compressed_dpeg_circular_temple
Lair:1:   layout_roguey, enter_volcano_4, lemuel_fruit_tree
Lair:2:   layout_cave_pods, hellmonk_ghost_happy_afterlife,
          chequers_serial_rivers_small_b, serial_bayou_shore_a,
          infiniplex_staircase_pool, grunt_megastairs_4
Lair:3:   gammafunk_worm_tunnel, layout_chaotic_city, elwin_shoals_entry_stream,
          uniq_rupert, uniq_snorg

Skill      XL: |  1  2  3  4  5  6  7  8  9 10 11 12 13 14 |
---------------+-------------------------------------------+-----
Long Blades    | 3 4 5 6 7 9 11 12 13 15 17 | 17.0
Fighting       | 3 4 5 7 9 11 13 14 16 | 16.8
Invocations    | 2 6 9 11 12 | 12.0
Ranged Weapons | 1 7 |  7.8
Dodging        | 3 6 |  6.1
Throwing       | |  1.7

Action                   |  1- 3 |  4- 6 |  7- 9 | 10-12 | 13-15 || total
-------------------------+-------+-------+-------+-------+-------++-------
Melee: Long sword        |   102 |   152 |   347 |    49 |       ||   650
       Punch             |     1 |     1 |     7 |     4 |       ||    13
       Kick              |       |    25 |   137 |    20 |   155 ||   337
       Dagger            |       |       |       |   256 |       ||   256
       Scimitar          |       |       |       |    41 |       ||    41
       Triple sword      |       |       |       |   216 |   414 ||   630
 Fire: Sling             |       |     5 |       |       |       ||     5
       Triple crossbow   |       |       |       |       |    30 ||    30
Throw: Throwing net      |     3 |     2 |       |       |     1 ||     6
       Dart              |       |     2 |    18 |    19 |       ||    39
       Javelin           |       |       |     2 |     1 |       ||     3
Invok: Heroism           |       |       |     2 |    14 |     9 ||    25
       Finesse           |       |       |       |     2 |     3 ||     5
Evoke: Wand              |       |       |     4 |     2 |       ||     6
  Use: Scroll            |       |     5 |     7 |    19 |     7 ||    38
       Potion            |       |       |     2 |     1 |     6 ||     9
 Stab: Held in net/web   |     1 |       |       |       |       ||     1
       Paralysed         |       |       |    13 |       |       ||    13
       Invisible         |       |       |     4 |     2 |     2 ||     8
       Distracted        |       |       |       |     1 |       ||     1
       Sleeping          |       |       |       |     1 |       ||     1
Armor: Chain mail        |    62 |    50 |       |       |       ||   112
       Leather armour    |     1 |       |       |       |       ||     1
       Plate armour      |       |    65 |    87 |       |       ||   152
       Ring mail         |       |       |    33 |   119 |   113 ||   265
       Fire dragon scale |       |       |       |       |    96 ||    96
       Skin              |       |       |       |       |     2 ||     2
Dodge: Dodged            |    35 |    89 |   127 |   308 |   269 ||   828
Block: Other             |       |       |    20 |    88 |   110 ||   218
       Reflection        |       |       |     1 |       |    16 ||    17
       Buckler           |       |       |       |    35 |       ||    35

Table legend: (Time is in decaauts)
 A = Elapsed time spent in this place.
 B = Non-inter-level travel time spent in this place.
 C = Inter-level travel time spent in this place.
 D = Time resting spent in this place.
 E = Time spent auto-exploring this place.
 F = Levels seen in this place.
 G = Mean time per level.
                   A        B        C        D        E       F      G
               +--------+--------+--------+--------+--------+-----+--------+
         Total |  21125 |  20287 |    838 |   3684 |  12748 |  22 |  960.2 |
       Dungeon |  17976 |  17230 |    746 |   3334 |  10897 |  15 | 1198.4 |
        Temple |     51 |     39 |     12 |      0 |      0 |   1 |   51.0 |
          Lair |   2183 |   2103 |     80 |      0 |   1651 |   3 |  727.7 |
         Trove |     49 |     49 |      0 |      0 |      0 |   1 |   49.0 |
       Volcano |    189 |    189 |      0 |     18 |      0 |   1 |  189.0 |
      Gauntlet |    674 |    674 |      0 |    332 |    199 |   1 |  674.0 |
               +--------+--------+--------+--------+--------+-----+--------+

Top non-repeatable levels by time:
    D:14: 2062 daAuts
    D:10: 1746 daAuts
     D:9: 1563 daAuts
     D:5: 1458 daAuts
    D:11: 1253 daAuts
     D:3: 1233 daAuts
     D:6: 1216 daAuts
  Lair:2: 1208 daAuts
     D:7: 1115 daAuts
    D:15: 1091 daAuts
    D:13: 1003 daAuts
     D:4: 960 daAuts
    D:12: 956 daAuts
     D:2: 925 daAuts
     D:1: 781 daAuts
